 Dungeon Crawl Stone Soup version 0.20.1-1-g8b1a95d (webtiles) character file.

2677 n0claF the Cleaver (level 9, -17/79 HPs)
             Began as a Minotaur Gladiator on Oct 27, 2017.
             Was an Elder of the Shining One.
             Demolished by a very large slime creature (58 damage)
             ... on level 7 of the Dungeon.
             The game lasted 00:21:21 (5057 turns).

n0claF the Cleaver (Minotaur Gladiator)             Turns: 5057, Time: 00:21:22

Health: -17/79     AC: 12    Str: 23    XL:     9   Next: 37%
Magic:  5/8        EV: 13    Int:  5    God:    the Shining One [****..]
Gold:   170        SH:  6    Dex: 14    Spells: 8/8 levels left

rFire    . . .     SeeInvis .   a - +0 war axe
rCold    . . .     Gourm    .   (no shield)
rNeg     + + .     Faith    .   B - +4 scale mail
rPois    .         Spirit   .   c - +0 hat
rElec    .         Reflect  .   (no cloak)
rCorr    .         Harm     .   (no gloves)
MR       .....                  i - +0 pair of boots
Stlth    +.........             (no amulet)
Regen    0.3/turn               n - +3 ring of dexterity
MPRegen  0.2/turn               p - ring of stealth

@: divine shield, glowing
A: retaliatory headbutt, horns 2
a: Divine Shield, Cleansing Flame, Renounce Religion


You were on level 7 of the Dungeon.
You worshipped the Shining One.
The Shining One was greatly pleased with you.
You were hungry.

You visited 2 branches of the dungeon, and saw 8 of its levels.
You also visited: Ossuary.

You collected 287 gold pieces.
You spent 117 gold pieces at shops.

Inventory:

Hand Weapons
 a - a +0 war axe (weapon)
Missiles
 d - 4 throwing nets (quivered)
Armour
 c - a +0 hat (worn)
 i - a +0 pair of boots (worn)
 B - a +4 scale mail (worn)
Jewellery
 n - a +3 ring of dexterity (left hand)
 p - a ring of stealth (right hand)
Wands
 D - a wand of polymorph (16/24)
 G - a wand of confusion (13/48)
 M - a wand of flame (6/48)
Scrolls
 b - a scroll of remove curse {unknown}
 j - 3 scrolls of enchant weapon {unknown}
 k - 4 scrolls of identify {unknown}
 l - 2 scrolls of amnesia {unknown}
 m - 2 scrolls of fog {unknown}
 o - 2 scrolls of magic mapping {unknown}
 s - a scroll of immolation {unknown}
 u - 2 scrolls of fear {unknown}
 w - a scroll of teleportation {unknown}
 y - 2 scrolls of noise {unknown}
 z - 3 scrolls of recharging {unknown}
 F - 2 scrolls of holy word {unknown}
 H - 3 scrolls of blinking {unknown}
 J - a scroll of random uselessness {unknown}
Potions
 e - 3 potions of mutation {unknown}
 h - a potion of might
 q - 2 potions of flight
 t - 4 potions of heal wounds
 x - a potion of agility {unknown}
 A - 5 potions of curing
 C - a potion of haste {unknown}
 E - 2 potions of lignification {unknown}
 I - a potion of berserk rage
 K - a potion of magic {unknown}
 L - 2 potions of degeneration {unknown}
Books
 v - a book of Maledictions

   Spells                             Type                      Level
   a - Corona                         Hexes                        1
   b - Ensorcelled Hibernation        Hexes/Ice                    2
   c - Confuse                        Hexes                        3
   d - Tukima's Dance                 Hexes                        3
   e - Dazzling Spray                 Conjuration/Hexes            3
Comestibles
 f - 6 bread rations
 g - 2 royal jellies
 r - 2 fruits


   Skills:
 + Level 7.3 Fighting
 + Level 11.9 Axes
 + Level 2.0 Throwing
 + Level 5.2 Armour
 + Level 4.9 Dodging
 + Level 1.3 Stealth
 + Level 0.2 Invocations


You had 8 spell levels left.
You didn't know any spells.

Dungeon Overview and Level Annotations

Branches:
Dungeon (7/15)             Temple (1/1) D:4

Altars:
Cheibriados
Dithmenos
Fedhas
Gozag
Hepliaklqana
Kikubaaqudgha
Nemelex Xobeh
Okawaru
Qazlal
Ru
Sif Muna
Uskayaw
Vehumet
Xom
Zin
The Shining One

Shops:
D:4 !%**


Innate Abilities, Weirdness & Mutations

You reflexively headbutt those who attack you in melee.
You have a pair of horns on your head.


Message History

Your headbutt misses the very large slime creature.
The very large slime creature is heavily wounded.
The very large slime creature barely misses you.
You furiously retaliate!
You headbutt the very large slime creature, but do no damage.
A divine shield forms around you!
You feel slightly more hungry.
The very large slime creature misses you.
You hit the very large slime creature.
You headbutt the very large slime creature!
The very large slime creature is heavily wounded.
The very large slime creature hits you!!
The jelly jiggles.
You hit the very large slime creature.
The very large slime creature is heavily wounded.
The very large slime creature hits you!!
You slash the very large slime creature!
The very large slime creature is heavily wounded.
The very large slime creature hits you!!!
Ouch! That really hurt!
You die...

### #.. ....#.# ###
....#.# #######.##.....?#
......###....#.#.#P..P.P#
....#.##.....#.#.#...J..#
......'.)....#'#)#JP....#
...#..'().)....#.#÷.J.÷.#
#...
...##((.(......#.#PJ.P..#
#...
...##.##....(..#@#J.....#
#...
...'))###......##JJJ÷PP.#
#... ..)##.#
##########J÷....# #...
.)....######## #######
#... .......#.....# #...
.......#'###.# #...
.......÷...#.####
########...
...........#....#
#........##
...........####.#
#).......#


You could see a very large slime creature, a jelly and 2 oozes.

Vanquished Creatures
  A two-headed ogre (D:6)
  A wyvern (D:5)
  2 orc warriors
  3 ogres
  A big kobold (D:7)
  An elf zombie (Ossuary)
  A bullfrog (D:6)
  2 scorpions
  3 crimson imps
  3 hounds
  A jelly (D:6)
  An orc priest (D:4)
  5 human zombies (Ossuary)
  A gnoll shaman (D:5)
  An iguana (D:5)
  Natasha (thrice) (D:4 D:5)
  6 orc wizards
  4 worker ants
  3 big kobold zombies (Ossuary)
  A hound skeleton (D:3)
  3 mummies
  A howler monkey skeleton (D:6)
  5 gnolls (D:5)
  6 adders
  A shadow imp (D:6)
  2 oozes
  2 adder skeletons (D:4)
  2 adder zombies
  2 worms
  4 dart slugs
  2 leopard geckos
  18 orcs
  A ball python (D:6)
  4 giant cockroaches
  2 goblins
  8 hobgoblins
  10 jackals
  6 quokkas
  9 bats
  5 frilled lizards
  8 hobgoblin zombies
  A jackal skeleton (D:6)
  2 jackal zombies (Ossuary)
  11 kobolds
  11 kobold zombies (Ossuary)
  8 orc zombies
  A quokka zombie (D:6)
  9 rats
188 creatures vanquished.

Vanquished Creatures (others)
  2 fungi (D:7)
  7 toadstools (D:7)
9 creatures vanquished.

Grand Total: 197 creatures vanquished

Notes
Turn   | Place    | Note
-------+----------+-------------------------------------------
     0 | D:1      | n0claF the Minotaur Gladiator began the quest for the Orb.
     0 | D:1      | Reached XP level 1. HP: 18/18 MP: 0/0
   242 | D:1      | Reached XP level 2. HP: 25/25 MP: 1/1
   529 | D:1      | Reached skill level 4 in Axes
   803 | D:2      | Reached XP level 3. HP: 28/30 MP: 2/2
  1163 | D:2      | Reached XP level 4. HP: 33/37 MP: 3/3
  1475 | D:3      | Reached skill level 5 in Axes
  1559 | D:3      | Reached skill level 1 in Armour
  2006 | D:3      | Reached XP level 5. HP: 45/45 MP: 4/4
  2088 | D:4      | Found a staircase to the Ecumenical Temple.
  2110 | D:4      | Reached skill level 6 in Axes
  2174 | D:4      | Found Juehuxon's Distillery.
  2177 | D:4      | Noticed Natasha
  2179 | D:4      | Reached XP level 6. HP: 37/51 MP: 5/5
  2219 | D:4      | Killed Natasha
  2261 | D:4      | Noticed Natasha
  2269 | D:4      | Killed Natasha
  2459 | D:4      | Bought a potion of heal wounds for 65 gold pieces
  2459 | D:4      | Bought a potion of might for 52 gold pieces
  2486 | D:4      | Found a sparkling altar of Nemelex Xobeh.
  2539 | D:4      | Reached skill level 7 in Axes
  2614 | D:4      | Found Toiluneh's Assorted Antiques.
  2617 | D:4      | Found Gosijaz's Food Boutique.
  2660 | D:4      | Found Xiliteth's General Store.
  2670 | D:4      | Reached XP level 7. HP: 52/59 MP: 6/6
  2873 | Temple   | Entered the Ecumenical Temple
  2897 | Temple   | Became a worshipper of the Shining One
  2926 | D:5      | Entered Level 5 of the Dungeon
  2984 | D:5      | Reached skill level 8 in Axes
  2996 | D:5      | Noticed a wyvern
  3003 | D:5      | Killed a wyvern
  3003 | D:5      | Reached skill level 5 in Fighting
  3103 | D:5      | Found a shadowy altar of Dithmenos.
  3224 | D:5      | Found a sand-covered staircase.
  3231 | Ossuary  | Entered an ossuary
  3254 | Ossuary  | Reached * piety under the Shining One
  3294 | Ossuary  | Reached ** piety under the Shining One
  3339 | Ossuary  | Reached skill level 9 in Axes
  3340 | Ossuary  | Reached *** piety under the Shining One
  3344 | Ossuary  | Reached XP level 8. HP: 67/69 MP: 7/7
  3589 | D:5      | Found a sacrificial altar of Ru.
  3614 | D:5      | Noticed Natasha
  3617 | D:5      | Killed Natasha
  3736 | D:5      | Reached skill level 1 in Stealth
  3749 | D:5      | Reached skill level 10 in Axes
  3753 | D:5      | Found an opulent altar of Gozag.
  3926 | D:6      | Noticed a two-headed ogre
  3939 | D:6      | Killed a two-headed ogre
  3939 | D:6      | Reached skill level 11 in Axes
  3939 | D:6      | Reached XP level 9. HP: 42/78 MP: 8/8
  4110 | D:6      | Reached **** piety under the Shining One
  4430 | D:6      | Found a radiant altar of Vehumet.
  4430 | D:6      | Found a snail-covered altar of Cheibriados.
  4850 | D:7      | Reached skill level 5 in Armour
  5057 | D:7      | Demolished by a very large slime creature

Skill      XL: |  1  2  3  4  5  6  7  8  9 |
---------------+----------------------------+-----
Axes           | 4 5 6 7 9 11 | 11.9
Dodging        | 4 |  4.9
Armour         | 1 2 3 4 5 |  5.2
Fighting       | 3 4 5 6 7 |  7.3
Stealth        | 1 |  1.3
Throwing       | |  2.0
Invocations    | |  0.2

Action                   |  1- 3 |  4- 6 |  7- 9 || total
-------------------------+-------+-------+-------++-------
Melee: War axe           |    79 |   112 |   235 ||   426
       Headbutt          |     4 |    24 |    55 ||    83
Invok: Divine Shield     |       |       |     2 ||     2
  Use: Potion            |       |     6 |       ||     6
  Eat: Chunk             |       |     5 |     8 ||    13
Armor: Leather armour    |     2 |       |       ||     2
       Plate armour      |    59 |    84 |    12 ||   155
       Scale mail        |       |       |    70 ||    70
Dodge: Dodged            |    29 |    34 |   116 ||   179
Block: Other             |       |       |     2 ||     2
